 Dungeon Crawl Stone Soup version 0.30-a0-557-ge2afbf3030 (webtiles) character file.

Game seed: 11879006365454453447

2139 bmack86 the Cleaver (level 9, -2/77 (79) HPs)
             Began as a Minotaur Fighter on Dec 28, 2022.
             Was a Believer of Okawaru.
             Killed from afar by a steam dragon (11 damage)
             ... with a ball of steam
             ... on level 7 of the Dungeon.
             The game lasted 00:15:49 (4576 turns).

bmack86 the Cleaver (Minotaur Fighter)              Turns: 4576, Time: 00:15:50

HP:   -2/77 (79)    AC: 17    Str: 25    XL:     9   Next: 9%
MP:   5/8           EV: 11    Int:  5    God:    Okawaru [**....]
Gold: 277           SH:  0    Dex: 10    Spells: 8/8 levels left

rFire   . . .      SeeInvis .    a - +0 war axe
rCold   + . .      Faith    .    c - +0 buckler
rNeg    . . .      Spirit   .    b - +0 scale mail
rPois   .          Reflect  .    (helmet restricted)
rElec   .          Harm     .    B - +0 cloak
rCorr   .          Rampage  .    m - +0 pair of gloves
Will    .....                    q - +0 pair of boots Stlth
                                 I - amulet of the acrobat
HPRegen 0.32/turn                C - +4 ring of protection
MPRegen 0.11/turn                A - ring of protection from cold

@: confused, heroic, lightly drained
A: horns 2, retaliatory headbutt
a: Renounce Religion, Heroism


You were on level 7 of the Dungeon.
You worshipped Okawaru.
Okawaru was pleased with you.
You visited 2 branches of the dungeon, and saw 8 of its levels.

You collected 382 gold pieces.
You spent 105 gold pieces at shops.

Inventory:

Hand Weapons
 a - a +0 war axe (weapon)
Missiles
 h - 11 boomerangs (quivered)
 s - 2 throwing nets
Armour
 b - a +0 scale mail (worn)
 c - a +0 buckler (worn)
 m - a +0 pair of gloves (worn)
 q - a +0 pair of boots (worn)
 v - a scarf of shadows
 B - a +0 cloak (worn)
Jewellery
 k - a ring of wizardry
 A - a ring of protection from cold (right hand)
 C - a +4 ring of protection (left hand)
 I - an amulet of the acrobat (around neck)
 J - a ring of positive energy
Wands
 E - a wand of quicksilver (4)
 F - a wand of polymorph (10)
Scrolls
 g - a scroll of magic mapping
 j - a scroll of enchant weapon
 n - a scroll of blinking
 o - a scroll of teleportation
 p - a scroll of enchant armour {unknown}
 r - a scroll of fear
 u - a scroll of amnesia
 w - a scroll of silence {unknown}
 x - a scroll of brand weapon {unknown}
 y - a scroll of noise
 G - a scroll of fog {unknown}
Potions
 d - 4 potions of might
 e - 2 potions of curing
 f - 2 potions of magic
 i - a potion of flight
 l - 2 potions of attraction
 t - a potion of ambrosia
 z - 4 potions of brilliance
 D - a potion of lignification {unknown}
 H - a potion of mutation {unknown}


   Skills:
 + Level 7.1(12.1) Fighting
 * Level 9.2(14.2) Axes
 + Level 7.2(12.2) Armour
 + Level 7.2(12.2) Shields
 + Level 2.4 Evocations


You had 8 spell levels left.
You didn't know any spells.
Your spell library contained the following spells:

 Spells                   Type           Power      Damage    Failure   Level
 Ignite Poison            Fire/Tmut/Pois 0%         N/A       98%         3
 Passage of Golubria      Tloc           0%         N/A       100%        4
 Sticky Flame             Conj/Fire      0%         2d3       100%        4
 Yara's Violent Unravell  Hex/Tmut       0%         3d3       100%        5
 Borgnjor's Revivificati  Necr           0%         N/A       100%        8
 Ignition                 Fire           0%         3d3       100%        8
 Necromutation            Tmut/Necr      0%         N/A       100%        8
 Death's Door             Necr           0%         N/A       100%        9
 Tukima's Dance           Hex            Unusable   N/A       N/A         3

Dungeon Overview and Level Annotations

Branches:
Dungeon (7/15)             Temple (1/1) D:6

Altars:
Ashenzari
Cheibriados
Dithmenos
Elyvilon
Fedhas
Gozag
Hepliaklqana
Kikubaaqudgha
Makhleb
Nemelex Xobeh
Okawaru
Qazlal
Ru
Trog
Uskayaw
Vehumet
Wu Jian
Xom
Yredelemnul
Zin
The Shining One

Shops:
D:2 *


Innate Abilities, Weirdness & Mutations

You have a pair of horns on your head.
You reflexively headbutt those who attack you in melee.


Message History

You hit the orc warrior but do no damage.
You slash the steam dragon! You barely miss the ice beast.
The orc wizard hits you with a +2 dagger of draining.
* * * LOW HITPOINT WARNING * * *
You feel drained.
* * * LOW HITPOINT WARNING * * *
The orc warrior hits you but does no damage.
The steam dragon breathes steam at you. The ball of steam misses you.
The ice beast hits you but does no damage.
You hit the orc wizard.
The orc wizard is moderately wounded.
You hit the steam dragon but do no damage.
You slash the ice beast!
You kill the ice beast!
Okawaru accepts your kill.
You barely miss the orc warrior.
You are engulfed in a cloud of scalding steam.
You block the steam dragon's attack. x2
The orc wizard points at you and mumbles some strange words.
You are confused.
The orc warrior hits you with a +0 broad axe.
* * * LOW HITPOINT WARNING * * *
Your life force feels restored.
The steam dragon attacks as you move away!
The steam dragon completely misses you. The steam dragon barely misses you.
You are engulfed in a cloud of scalding steam.
* * * LOW HITPOINT WARNING * * *
The orc wizard is engulfed in a cloud of scalding steam.
The orc warrior barely misses you.
You bump into the rock wall.
The orc wizard hits you but does no damage.
You feel drained. The orc warrior closely misses you.
You bump into the rock wall.
The orc wizard hits you but does no damage.
You feel drained.
The orc warrior hits you but does no damage.
The steam dragon breathes steam at you. The ball of steam hits you!
You die...

...........#
...........#
..........[#
..........§#
.....§...§.#
..........§#
......§<)..#
##..§.)oD..#
#....)o@..#
###..#####..#
#... .# #..#
# .... .....
....


You could see a steam dragon (catching breath), an orc warrior and an orc
wizard.

Vanquished Creatures
  Sigmund (D:6)
  Edmund (D:4)
  A water moccasin (D:7)
  3 ice beasts
  2 black bears
  A centaur (D:6)
  4 ogres
  A bullfrog (D:6)
  2 necrophages (D:6)
  3 scorpions
  A howler monkey (D:6)
  2 orc priests (D:7)
  6 hounds
  A gnoll bouda (D:5)
  3 iguanas
  An orc wizard (D:7)
  3 gnolls (D:5)
  6 adders
  A white imp (D:4)
  2 worms (D:2)
  A dart slug (D:3)
  9 orcs
  4 ball pythons
  4 bats
  4 endoplasms
  5 hobgoblins
  4 jackals (D:4)
  A quokka (D:2)
  4 kobolds
  2 rats
  A toadstool (D:2)
84 creatures vanquished.

Vanquished Creatures (others)
  2 fungi (D:2)
  4 toadstools (D:2)
6 creatures vanquished.

Grand Total: 90 creatures vanquished

Notes
Turn   | Place    | Note
-------+----------+-------------------------------------------
     0 | D:1      | bmack86 the Minotaur Fighter began the quest for the Orb.
     0 | D:1      | Reached XP level 1. HP: 19/19 MP: 0/0
   582 | D:2      | Found Voghy's General Store.
   634 | D:2      | Bought a scroll of enchant weapon for 105 gold pieces
   662 | D:2      | Reached XP level 2. HP: 13/27 MP: 1/1
   810 | D:2      | Reached skill level 3 in Axes
   829 | D:2      | Found a faded altar of an unknown god.
   897 | D:2      | Found a blossoming altar of Fedhas.
   959 | D:2      | Reached XP level 3. HP: 33/33 MP: 2/2
  1346 | D:3      | You fall into a shaft and drop 3 floors!
  1416 | D:6      | Found a staircase to the Ecumenical Temple.
  1424 | Temple   | Entered the Ecumenical Temple
  1432 | Temple   | Reached skill level 4 in Axes
  1432 | Temple   | Reached XP level 4. HP: 34/41 MP: 3/3
  1567 | Temple   | Became a worshipper of Warmaster Okawaru
  1674 | D:5      | Entered Level 5 of the Dungeon
  1716 | D:4      | Noticed Edmund
  1716 | D:4      | Noticed a scorpion
  1786 | D:5      | Noticed a black bear
  1792 | D:5      | Killed a black bear
  1793 | D:5      | Reached XP level 5. HP: 47/47 MP: 4/4
  1821 | D:5      | Reached skill level 5 in Axes
  1829 | D:5      | Reached * piety under Okawaru
  1835 | D:5      | Reached XP level 6. HP: 17/55 MP: 5/5
  1850 | D:5      | Reached skill level 5 in Fighting
  1850 | D:5      | Reached skill level 5 in Armour
  1850 | D:5      | Reached skill level 5 in Shields
  2137 | D:5      | Reached skill level 6 in Axes
  2193 | D:4      | Reached XP level 7. HP: 61/61 MP: 3/6
  2397 | D:3      | Found a sacrificial altar of Ru.
  2426 | D:3      | Found a shadowy altar of Dithmenos.
  2821 | D:4      | Killed Edmund
  3385 | D:5      | Reached skill level 7 in Axes
  3629 | D:6      | Reached XP level 8. HP: 70/70 MP: 5/7
  3811 | D:6      | Noticed Sigmund
  3819 | D:6      | Killed Sigmund
  3820 | D:6      | Reached skill level 8 in Axes
  3874 | D:6      | Reached skill level 1 in Evocations
  4237 | D:6      | Reached ** piety under Okawaru
  4559 | D:7      | Reached skill level 9 in Axes
  4559 | D:7      | Reached XP level 9. HP: 56/79 MP: 5/8
  4576 | D:7      | Killed from afar by a steam dragon

Illustrated notes

Levels and vault maps discovered:
D:1:      zaba_arrival_water, layout_basic
D:2:      layout_basic, ebering_ecumenical_altar_box, basic_altar, serial_shops,
          nicolae_shop_waterfront, minmay_gold_behind_fungi
D:3:      layout_basic, grunt_dithmenos_smoke_and_mirrors,
          nicolae_ru_awakened_eye
D:4:      layout_basic, st_stairs_13, uniq_edmund
D:5:      layout_basic, kennysheep_small_circle
D:6:      layout_basic, minmay_temple_entry_nine_rooms, nicolae_hexahallways,
          grunt_decor_one_mirror, uniq_sigmund
D:7:      layout_rooms, minmay_starry_boxes
Temple:   nicolae_temple_bog_church

Skill      XL: |  1  2  3  4  5  6  7  8 |
---------------+-------------------------+-----
Axes           | 3 4 5 6 7 9 |  9.2
Fighting       | 4 5 6 7 |  7.1
Armour         | 4 5 6 7 |  7.2
Shields        | 4 5 6 7 |  7.2
Evocations     | 2 |  2.4

Action                   |  1- 3 |  4- 6 |  7- 9 || total
-------------------------+-------+-------+-------++-------
Melee: War axe           |    63 |    64 |   133 ||   260
       Headbutt          |     2 |     6 |    21 ||    29
Throw: Boomerang         |       |     7 |       ||     7
Invok: Heroism           |       |     2 |     7 ||     9
  Use: Scroll            |     5 |       |     7 ||    12
       Potion            |       |     1 |       ||     1
Armor: Scale mail        |    41 |    26 |    83 ||   150
Dodge: Dodged            |    34 |    30 |    70 ||   134
Block: Buckler           |    18 |    16 |    56 ||    90

Table legend: (Time is in decaauts)
 A = Elapsed time spent in this place.
 B = Non-inter-level travel time spent in this place.
 C = Inter-level travel time spent in this place.
 D = Time resting spent in this place.
 E = Time spent auto-exploring this place.
 F = Levels seen in this place.
 G = Mean time per level.
                   A        B        C        D        E       F      G
               +--------+--------+--------+--------+--------+-----+--------+
         Total |   4641 |   4499 |    142 |    134 |   2667 |   8 |  580.1 |
       Dungeon |   4461 |   4339 |    122 |    134 |   2545 |   7 |  637.3 |
        Temple |    179 |    159 |     20 |      0 |    122 |   1 |  179.0 |
               +--------+--------+--------+--------+--------+-----+--------+

Top non-repeatable levels by time:
     D:6: 1135 daAuts
     D:5: 816 daAuts
     D:4: 699 daAuts
     D:2: 692 daAuts
     D:1: 564 daAuts
     D:3: 530 daAuts
  Temple: 179 daAuts
     D:7: 22 daAuts
